 Dungeon Crawl Stone Soup version 0.21-a0-405-gf2af9a1 (webtiles) character file.

115 FerrousOx the Firebug (level 4, -2/25 HPs)
             Began as a Deep Elf Fire Elementalist on Nov 1, 2017.
             Slain by a quasit (3 damage)
             ... on level 2 of the Dungeon.
             The game lasted 00:04:04 (2296 turns).

FerrousOx the Firebug (Deep Elf Fire Elementalist)  Turns: 2296, Time: 00:04:04

Health: -2/25      AC:  2    Str:  5      XL:     4   Next: 68%
Magic:  0/12       EV: 12    Int: 21      God:
Gold:   45         SH:  0    Dex:  9 (15) Spells: 8/11 levels left

rFire    . . .     SeeInvis .   f - +2 short sword (drain)
rCold    . . .     Gourm    +   (no shield)
rNeg     . . .     Faith    .   a - +0 robe
rPois    .         Spirit   .   (no helmet)
rElec    .         Reflect  .   (no cloak)
rCorr    .         Harm     .   (no gloves)
MR       .....                  (no boots)
Stlth    ++........             g - amulet of the gourmand
HPRegen  0.08/turn              (no ring)
MPRegen  0.13/turn              (no ring)

@: very slightly contaminated
A: no striking features
a: no special abilities


You were on level 2 of the Dungeon.
You were not hungry.

You visited 1 branch of the dungeon, and saw 2 of its levels.

You collected 45 gold pieces.

Inventory:

Hand Weapons
 f - a +2 short sword of draining (weapon)
 j - a +1 dagger of venom
Armour
 a - a +0 robe (worn)
Jewellery
 g - an amulet of the gourmand (around neck)
Scrolls
 d - a scroll of fog {unknown}
 e - 4 scrolls of enchant weapon {unknown}
 i - a scroll of immolation {unknown}
Books
 b - a book of Flames

   Spells                             Type                      Level
   a - Flame Tongue                   Conjuration/Fire             1
   b - Throw Flame                    Conjuration/Fire             2
   c - Conjure Flame                  Conjuration/Fire             3
   d - Inner Flame                    Hexes/Fire                   3
   e - Sticky Flame                   Conjuration/Fire             4
   f - Fireball                       Conjuration/Fire             5
Comestibles
 c - a bread ration


   Skills:
 * Level 1.1 Fighting
 - Level 2.4 Dodging
 - Level 2.4 Stealth
 + Level 4.2 Spellcasting
 + Level 1.7 Conjurations
 * Level 4.8 Fire Magic


You had 8 spell levels left.
You knew the following spells:

 Your Spells              Type           Power        Failure   Level  Hunger
a - Flame Tongue          Conj/Fire      ###..        3%          1    None
b - Throw Flame           Conj/Fire      ###...       4%          2    #......


Dungeon Overview and Level Annotations

Branches:
Dungeon (2/15)

Altars:


Message History

* * * LOW HITPOINT WARNING * * *
You feel clumsy.
Unknown command.
Casting: Flame Tongue
Confirm with . or Enter, or press ? or * to list all spells.
You don't have enough magic to cast that spell.
You aren't carrying any potions.
The quasit closely misses you. x3
The quasit closely misses you. The quasit claws you.
* * * LOW HITPOINT WARNING * * *
The quasit closely misses you.
Casting: Flame Tongue
Confirm with . or Enter, or press ? or * to list all spells.
Aiming: Flame Tongue
Press: ? - help, Shift-Dir - straight line, f/p - quasit
Aim: a quasit (almost dead)
The flame tongue hits the quasit.
The quasit resists.
The quasit is almost dead.
The quasit bites you.
You die...

#..# #...).#
##.###.##..######
#.......÷......#
###.####..####.#
... #..####.##
##. #........# #.
##.####..# # #.#
#..# ###.####@.#
........5.#
####.#####.##
.....####...#
#....÷.#...#
#.####...###
##.## ..# ####


You could see a quasit.

Vanquished Creatures
  An ogre (D:2)
  A dart slug (D:1)
  2 goblins (D:2)
  3 hobgoblins
  4 jackals (D:1)
  3 bats (D:1)
  3 frilled lizards
  7 kobolds
  6 rats
30 creatures vanquished.

Notes
Turn   | Place    | Note
-------+----------+-------------------------------------------
     0 | D:1      | FerrousOx the Deep Elf Fire Elementalist began the quest for the Orb.
     0 | D:1      | Reached XP level 1. HP: 10/10 MP: 6/6
   873 | D:1      | Reached XP level 2. HP: 15/15 MP: 6/8
   877 | D:1      | Learned a level 2 spell: Throw Flame
  1908 | D:2      | Noticed an ogre
  1926 | D:2      | Killed an ogre
  1926 | D:2      | Reached skill level 1 in Fighting
  1926 | D:2      | Reached XP level 3. HP: 8/20 MP: 0/10
  1926 | D:2      | Reached XP level 4. HP: 10/25 MP: 0/12
  2295 | D:2      | HP: 1/25 [quasit (1)]
  2296 | D:2      | Slain by a quasit

Vault maps used:
D:1:      giann_wishing_wells, serial_forest, infiniplex_forest_lined_corner,
          infiniplex_forest_clump_double, infiniplex_forest_clump_curved,
          infiniplex_forest_lined_2, infiniplex_forest_clump_tiny,
          infiniplex_forest_clump_diagonal, infiniplex_forest_straight_4,
          infiniplex_forest_straight_3, infiniplex_forest_clump_tiny,
          corexii_item_surrounded_by_moat
D:2:      kennysheep_vampire_church, first_bread,
          chequers_ecumenical_altar_island, uniq_terence

Skill      XL: |  1  2 |
---------------+-------+-----
Fire Magic     | 4 |  4.8
Fighting       | 1 |  1.1
Spellcasting   | 4 |  4.2
Dodging        | |  2.4
Stealth        | |  2.4
Conjurations   | |  1.7

Action                   |  1- 3 |  4- 6 || total
-------------------------+-------+-------++-------
Melee: Unarmed           |    35 |       ||    35
 Cast: Flame Tongue      |    30 |    18 ||    48
       Throw Flame       |     7 |     3 ||    10
 Stab: Sleeping          |     3 |       ||     3
  Eat: Chunk             |     3 |     6 ||     9
Armor: Robe              |     4 |     3 ||     7
Dodge: Dodged            |    24 |    20 ||    44

Table legend:
 A = Spawn XP
 B = Non-spawn XP
 C = Spawn XP percentage of total XP
 D = Spawn monster count
 E = Non-spawn monster count
 F = Spawn count percentage of total count
 G = Total turns spent on level
                    A         B        C        D         E        F      G
               +---------+---------+-------+---------+---------+-------+---------
         Total |       0 |     165 |   0.0 |       0 |      30 |   0.0 |  2296
               +---------+---------+-------+---------+---------+-------+---------
           D:1 |       0 |      27 |   0.0 |       0 |      18 |   0.0 |  1761
           D:2 |       0 |     138 |   0.0 |       0 |      12 |   0.0 |   535
               +---------+---------+-------+---------+---------+-------+---------
